 Dungeon Crawl Stone Soup version 0.25.0-9-g26727b657a (webtiles) character file.

Game seed: 11994993455471036958

151 Infinimo the Digger (level 5, -1/28 HPs)
             Began as a Deep Elf Earth Elementalist on June 17, 2020.
             Slain by a river rat (4 damage)
             ... on level 3 of the Dungeon.
             The game lasted 00:03:49 (2399 turns).

Infinimo the Digger (Deep Elf Earth Elementalist)   Turns: 2399, Time: 00:03:49

Health: -1/28      AC:  4    Str:  5    XL:     5   Next: 10%
Magic:  2/14       EV: 13    Int: 21    God:
Gold:   57         SH:  0    Dex: 15    Spells: 9/13 levels left

rFire    . . .     SeeInvis .   h - +0 whip
rCold    . . .     Gourm    .   (no shield)
rNeg     . . .     Faith    .   c - +0 robe
rPois    .         Spirit   .   (no helmet)
rElec    .         Reflect  .   k - +1 cloak
rCorr    .         Harm     .   (no gloves)
MR       .....                  (no boots)
Stlth    +.........             (no amulet)
HPRegen  0.09/turn              (no ring)
MPRegen  0.14/turn              (no ring)

@: very slow
A: no striking features
a: no special abilities


You were on level 3 of the Dungeon.
You were hungry.

You visited 1 branch of the dungeon, and saw 3 of its levels.
You also visited: Sewer.

You collected 57 gold pieces.

Inventory:

Hand Weapons
 h - a +0 whip (weapon)
Armour
 c - a +0 robe (worn)
 k - a +1 cloak (worn)
Scrolls
 f - 2 scrolls of remove curse
Comestibles
 d - 7 rations


   Skills:
 - Level 2.4 Dodging
 - Level 2.4 Stealth
 + Level 4.7 Spellcasting
   Level 1.1 Transmutations
 * Level 5.6 Earth Magic


You had 9 spell levels left.
You knew the following spells:

 Your Spells              Type           Power        Failure   Level  Hunger
a - Sandblast             Erth           ####..       1%          1    None
b - Stone Arrow           Conj/Erth      ###...       11%         3    ##.....

Your spell library contained the following spells:

 Spells                   Type           Power        Failure   Level  Hunger
 Passwall                 Tmut/Erth      ###.....     4%          2    None
 Petrify                  Tmut/Erth      ###.....     28%         4    ####...
 Lee's Rapid Deconstruct  Erth           ####......   30%         5    #####..


Dungeon Overview and Level Annotations

Branches:
Dungeon (3/15)              Sewer (visited)

Altars:

Annotations:
D:3 1 transporter


Message History

Aim: a river rat (severely wounded)
The stone arrow hits the river rat!
You kill the river rat!
The river rat bites you!
* * * LOW HITPOINT WARNING * * *
You feel better.
The river rat twitches its whiskers.
The river rat bites you!
* * * LOW HITPOINT WARNING * * *
The river rat bites you.
* * * LOW HITPOINT WARNING * * *
The river rat misses you.
Welcome back to the Dungeon!
Level annotation: 1 transporter
There is a collapsed entrance here.
You enter the shallow water.
Moving in this stuff is going to be slow.
The river rat barely misses you. The river rat bites you.
You die...

.........#
#.....##.##
#.......≈≈#
###....≈≈≈#
........#≈#######≈#
#...#..≈≈≈#≈≈≈≈≈≈≈≈
#..##..≈#≈#≈########
#..#..≈≈≈≈#≈≈≈≈≈##.#
.......≈#≈#≈#≈#≈@r≈#
#..##..≈#≈#≈#≈######
#..##...#≈÷≈#≈≈≈≈≈≈#
#..##...############
#..#######..<...#
#..# #.###### ..)##
#.# ..).## #.#
.....#####.#


You could see a river rat.

Vanquished Creatures
  Crazy Yiuf (D:2)
  A worker ant (D:2)
  An adder (D:3)
  4 river rats
  A worm (D:3)
  4 dart slugs (D:1)
  A leopard gecko (D:2)
  An orc (D:3)
  7 bats
  A giant cockroach (D:3)
  4 hobgoblins
  2 jackals (D:2)
  3 quokkas (D:2)
  A frilled lizard (D:2)
  2 goblins (D:2)
  8 kobolds
  6 rats
48 creatures vanquished.

Vanquished Creatures (others)
  4 toadstools (D:3)
4 creatures vanquished.

Grand Total: 52 creatures vanquished

Notes
Turn   | Place    | Note
-------+----------+-------------------------------------------
     0 | D:1      | Infinimo the Deep Elf Earth Elementalist began the quest
                  | for the Orb.
     0 | D:1      | Reached XP level 1. HP: 10/10 MP: 6/6
   335 | D:1      | Reached XP level 2. HP: 15/15 MP: 5/8
   526 | D:1      | Reached skill level 4 in Earth Magic
  1151 | D:2      | Reached XP level 3. HP: 8/19 MP: 8/10
  1717 | D:2      | Found a runed translucent door.
  1718 | D:2      | Noticed Crazy Yiuf
  1894 | D:2      | Killed Crazy Yiuf
  1894 | D:2      | Reached skill level 5 in Earth Magic
  1894 | D:2      | Reached XP level 4. HP: 24/24 MP: 9/12
  2013 | D:3      | Learned a level 3 spell: Stone Arrow
  2295 | D:3      | Found a glowing drain.
  2346 | D:3      | Found a transporter.
  2386 | Sewer    | Entered a sewer
  2389 | Sewer    | Reached XP level 5. HP: 28/28 MP: 10/14
  2399 | D:3      | Slain by a river rat

Illustrated notes

Levels and vault maps discovered:
D:1:      dpeg_arrival_pits, layout_basic, st_stairs_5, minivault_4
D:2:      layout_rooms, chequers_serial_rivers_large_a, uniq_crazy_yiuf_cottage
D:3:      layout_loops_ring, gammafunk_ghost_abyssal_escape,
          lightli_sewer_entry_pipes, minmay_gold_behind_fungi,
          nicolae_ru_path_of_blood, uniq_terence

Skill      XL: |  1  2  3 |
---------------+----------+-----
Earth Magic    | 4 5 |  5.6
Spellcasting   | 4 |  4.7
Dodging        | |  2.4
Stealth        | |  2.4
Transmutations | |  1.1

Action                   |  1- 3 |  4- 6 || total
-------------------------+-------+-------++-------
Melee: Unarmed           |    21 |       ||    21
       Whip              |    14 |       ||    14
 Cast: Sandblast         |    49 |    23 ||    72
       Stone Arrow       |       |     5 ||     5
  Use: Scroll            |       |     4 ||     4
       Potion            |       |     2 ||     2
 Stab: Sleeping          |     1 |       ||     1
  Eat: Chunk             |     3 |     1 ||     4
Armor: Robe              |    18 |     3 ||    21
Dodge: Dodged            |    40 |    17 ||    57
